[Event "Titled Tuesday Blitz June 27 Early 2023"]
[White "Szente Varga, Fruzsina"]
[Black "Liyanage, Ranindu Dilshan"]
[WhiteFideId "712264"]
[BlackFideId "9915834"]
[WhiteElo "2352"]
[BlackElo "2662"]
[Result "0-1"]
[Round "5"]
[TimeControl "180+2"]
[Date "2023.06.27"]
[WhiteClock "0:00:01"]
[BlackClock "0:01:03"]
[Board "162"]

1. e4 g6 2. d4 Bg7 3. Be3 d6 4. Nc3 a6 5. f3 b5 6. Qd2 Bb7 7. O-O-O Nd7 8. g4 h6 9. h4 e6 10. h5 g5 11. f4 gxf4 12. Bxf4 e5 13. dxe5 Nxe5 14. g5 hxg5 15. Bxg5 Qxg5 16. Qxg5 Bh6 17. Nh3 Bxg5+ 18. Nxg5 Nh6 19. Be2 Ke7 20. Nd5+ Bxd5 21. exd5 Rag8 22. Rdg1 f6 23. Ne6 c6 24. Nf4 c5 25. Kd2 f5 26. Ne6 Kf6 27. a4 b4 28. Bxa6 Nf3+ 29. Ke3 Nxg1 30. Nf4 Ng4+ 31. Kd2 Ne5 32. Be2 Nxe2 33. Kxe2 Rg4 34. Ke3 Nc4+ 35. Kf3 Ne5+ 36. Ke3 Rg3+ 37. Ke2 Nc4 38. b3 Ne3 39. Kd2 Rf3 40. Ng6 Nxd5 41. Nxh8 Rf2+ 42. Kc1 Kg7 43. Ng6 Ne3 44. a5 Rxc2+ 45. Kb1 Rc3 46. Kb2 c4 47. bxc4 Nxc4+ 48. Kb1 Kh6 49. Nf4 Nxa5 50. Rd1 Nc4 51. Rd5 b3 52. Rxf5 b2 53. Ne2 Re3 54. Rf2 Rb3 55. Nd4 Na3+ 56. Ka2 b1=Q# 0-1


[Site "https://www.chess.com"]

[Event "Titled Tuesday Blitz June 27 Early 2023"]
[White "Ashraf, Artin"]
[Black "Sovetbekova, Nurai"]
[WhiteFideId "22514805"]
[BlackFideId "13801910"]
[WhiteElo "2639"]
[BlackElo "2350"]
[Result "1-0"]
[Round "5"]
[TimeControl "180+2"]
[Date "2023.06.27"]
[WhiteClock "0:00:11"]
[BlackClock "0:00:03"]
[Board "163"]

1. e4 c5 2. Nf3 Nc6 3. Bb5 e5 4. O-O Bd6 5. d4 exd4 6. c3 Nge7 7. cxd4 cxd4 8. Nxd4 O-O 9. Nc3 a6 10. Ba4 b5 11. Bb3 Bb7 12. Be3 Qc7 13. Qh5 Be5 14. Rfd1 Na5 15. Rac1 Nxb3 16. Nd5 Qd8 17. Nxb3 Nxd5 18. exd5 Bxb2 19. Rc2 Bf6 20. Nc5 Bc8 21. d6 Re8 22. Rdc1 Qa5 23. Qf3 Rb8 24. Ne4 Be5 25. Ng5 Bf6 26. Ne4 Be5 27. Qf5 Bb7 28. Ng5 h6 29. Qh7+ Kf8 30. Qh8# 1-0


[Site "https://www.chess.com"]

[Event "Titled Tuesday Blitz June 27 Early 2023"]
[White "Gutkin, Ilya"]
[Black "Yurovskykh, Oleksandr"]
[WhiteFideId "16203470"]
[BlackFideId "14134020"]
[WhiteElo "2347"]
[BlackElo "2579"]
[Result "0-1"]
[Round "5"]
[TimeControl "180+2"]
[Date "2023.06.27"]
[WhiteClock "0:00:04"]
[BlackClock "0:00:11"]
[Board "164"]

1. e4 d5 2. exd5 Qxd5 3. Nc3 Qd6 4. Nf3 Nf6 5. h3 c6 6. d4 e6 7. Be3 b6 8. Qd2 Bb7 9. O-O-O Qc7 10. Bf4 Bd6 11. Bxd6 Qxd6 12. g4 h6 13. Ne5 Nbd7 14. f4 Rf8 15. Bg2 O-O-O 16. Qe2 Nd5 17. Ne4 Qc7 18. Qf2 f6 19. Ng6 Rfe8 20. c4 Ne7 21. Nxe7+ Rxe7 22. c5 Kb8 23. Nd6 Nf8 24. Nxb7 Kxb7 25. Rhe1 Red7 26. b4 Kb8 27. Kb2 a5 28. a3 b5 29. Kc3 a4 30. Re2 Kb7 31. Red2 Ng6 32. Qe2 Kb8 33. Qxe6 Ne7 34. d5 Nxd5+ 35. Bxd5 Rxd5 36. Rxd5 Rxd5 37. Rxd5 cxd5 38. Qxd5 Qxf4 39. Qg8+ Kb7 40. Qxg7+ Kc6 41. Qg6 Qe3+ 42. Qd3 Qe1+ 43. Kd4 Qe5# 0-1


[Site "https://www.chess.com"]

[Event "Titled Tuesday Blitz June 27 Early 2023"]
[White "StiffMaster1"]
[Black "Vasques, Antonio Pedro Freixial"]
[BlackFideId "1908332"]
[WhiteElo "2574"]
[BlackElo "2347"]
[Result "0-1"]
[Round "5"]
[TimeControl "180+2"]
[Date "2023.06.27"]
[WhiteClock "0:00:20"]
[BlackClock "0:00:20"]
[Board "165"]

1. Nf3 Nf6 2. g3 c5 3. Bg2 d5 4. O-O Nc6 5. c4 d4 6. e3 g6 7. exd4 cxd4 8. d3 Bg7 9. Na3 O-O 10. Re1 Bf5 11. Nc2 Re8 12. b4 a6 13. a4 Nd7 14. b5 axb5 15. axb5 Rxa1 16. Nxa1 Nce5 17. Nxe5 Nxe5 18. Rxe5 Bxe5 19. Bxb7 Rf8 20. Nb3 Qb6 21. Bc6 Rc8 22. c5 Qb8 23. Na5 Qa7 24. Nb3 Be6 25. b6 Qa2 26. Nxd4 Bxd4 27. b7 Qxf2+ 28. Kh1 Rxc6 29. b8=Q+ Kg7 30. Bh6+ Kxh6 31. Qf8+ Bg7 32. Qd8 Rxc5 0-1


[Site "https://www.chess.com"]

[Event "Titled Tuesday Blitz June 27 Early 2023"]
[White "Mariano, Nelson III"]
[Black "Bogaudinov, Rushan"]
[WhiteFideId "5201748"]
[BlackFideId "4129288"]
[WhiteElo "2571"]
[BlackElo "2345"]
[Result "0-1"]
[Round "5"]
[TimeControl "180+2"]
[Date "2023.06.27"]
[WhiteClock "0:00:42"]
[BlackClock "0:00:08"]
[Board "166"]

1. e4 c5 2. Nf3 e6 3. d4 cxd4 4. Bg5 Qa5+ 5. c3 h6 6. Bh4 Nc6 7. Bc4 b5 8. Bb3 dxc3 9. Nxc3 b4 10. Nd5 Ba6 11. Ne3 Nf6 12. Bxf6 gxf6 13. Nc4 Bxc4 14. Bxc4 Ne5 15. Nxe5 Qxe5 16. O-O Qxe4 17. Bb5 Rd8 18. Re1 Qb7 19. Qh5 Ke7 20. Rad1 Rg8 21. g3 Rg5 22. Qh4 Qxb5 23. Rd4 d5 24. Rxb4 Qa5 25. Rb7+ Rd7 26. Rxd7+ Kxd7 27. Rc1 Qxa2 28. Qd4 Re5 29. Qc3 Qc4 30. Qxc4 dxc4 31. Rxc4 Bd6 32. Ra4 a5 33. Rh4 h5 34. Rd4 Rb5 35. Rd2 Kc6 36. f4 e5 37. f5 e4 38. Kf2 Be5 39. Ke3 Rxb2 40. Rd8 Rb4 41. Rf8 a4 42. Rxf7 Kb5 43. Ra7 Bd4+ 0-1


[Site "https://www.chess.com"]

[Event "Titled Tuesday Blitz June 27 Early 2023"]
[White "Nithyalakshmi, Sivanesan"]
[Black "Pinheiro, Iung Alicio de O."]
[WhiteFideId "5706955"]
[BlackFideId "2104350"]
[WhiteElo "2343"]
[BlackElo "2568"]
[Result "0-1"]
[Round "5"]
[TimeControl "180+2"]
[Date "2023.06.27"]
[WhiteClock "0:00:15"]
[BlackClock "0:00:09"]
[Board "167"]

1. e4 e5 2. Nf3 Nc6 3. d4 exd4 4. Nxd4 Bb4+ 5. c3 Bc5 6. Be3 Bb6 7. Bc4 Nf6 8. Nd2 O-O 9. O-O d5 10. exd5 Nxd5 11. Nxc6 bxc6 12. Bxb6 axb6 13. h3 Nf4 14. Nf3 Qf6 15. Qd4 Nxh3+ 16. Kh2 Qh6 17. Nh4 Nf4 18. g3 g5 19. Rh1 Ne6 20. Qe3 Kg7 21. Kg2 gxh4 22. Qxh6+ Kxh6 23. Rxh4+ Kg7 24. Rah1 Rh8 25. Rg4+ Kf8 26. f3 Ra5 27. b4 Re5 28. Kf2 Ng7 29. Rgh4 Be6 30. Bd3 h5 31. a4 Bd5 32. Rf4 Be6 33. Ra1 Ke7 34. a5 Ra8 35. a6 Ne8 36. Rd4 Nd6 37. Rh4 c5 38. b5 c4 39. Be2 Rxb5 40. Ke3 Ra5 41. Rd1 R8xa6 42. Rf4 Nf5+ 43. Kf2 Ra2 44. Kf1 Ne3+ 45. Ke1 Nxd1 46. Kxd1 Ra1+ 47. Kc2 R6a2# 0-1


[Site "https://www.chess.com"]

[Event "Titled Tuesday Blitz June 27 Early 2023"]
[White "Ilkhomi, Jaloliddin"]
[Black "Gomes, Luiz Alexandre de Souza"]
[WhiteFideId "14700948"]
[BlackFideId "2102790"]
[WhiteElo "2565"]
[BlackElo "2322"]
[Result "0-1"]
[Round "5"]
[TimeControl "180+2"]
[Date "2023.06.27"]
[WhiteClock "0:00:36"]
[BlackClock "0:00:36"]
[Board "168"]

1. Nf3 Nf6 2. d4 d5 3. c3 c6 4. Bf4 Bf5 5. Nbd2 e6 6. Qb3 Qb6 7. e3 Be7 8. Ne5 O-O 9. Be2 Nbd7 10. O-O Qxb3 11. axb3 a6 12. b4 Nxe5 13. Bxe5 Ne4 14. Nxe4 Bxe4 15. f3 Bg6 16. Rfd1 f6 17. Bg3 Rad8 18. Bd3 Bxd3 19. Rxd3 Bd6 20. Bxd6 Rxd6 21. e4 Rdd8 22. Re1 Rfe8 23. Rde3 Kf7 24. g4 dxe4 25. fxe4 e5 26. Rd3 exd4 27. cxd4 Re5 28. Kf2 Rb5 29. Ke3 Rxb4 30. b3 Rb5 31. Rf1 Kg6 32. h4 h5 33. gxh5+ Rxh5 34. Rg1+ Kf7 35. Rg4 Ra5 36. Rd2 Ra3 37. Rd3 Ra1 38. Rd2 Re1+ 39. Kd3 Rd7 40. b4 Rb1 41. Kc3 Re1 42. Kc4 Re7 43. Kd3 Rf1 44. Rdg2 Kf8 45. Rd2 Rf3+ 46. Ke2 Rb3 47. h5 Rxb4 48. Rd3 a5 49. Kf3 a4 50. Rg1 Rb3 51. Ke3 Rxd3+ 52. Kxd3 b5 53. Re1 Kf7 54. Kc3 Rd7 55. e5 fxe5 56. Rxe5 Rd5 57. Re3 Rxh5 58. Kb4 Rh6 59. Rf3+ Ke7 60. Rc3 Kd6 61. Rg3 g6 62. Rg4 Kd5 63. Kc3 Rh3+ 64. Kb4 Rd3 65. Ka5 Rxd4 66. Rxg6 Rc4 67. Rg5+ Kd6 68. Rg4 0-1


[Site "https://www.chess.com"]

[Event "Titled Tuesday Blitz June 27 Early 2023"]
[White "Ng, Clive"]
[Black "Roberson, Peter T"]
[WhiteFideId "3214869"]
[BlackFideId "412384"]
[WhiteElo "2343"]
[BlackElo "2522"]
[Result "0-1"]
[Round "5"]
[TimeControl "180+2"]
[Date "2023.06.27"]
[WhiteClock "0:00:32"]
[BlackClock "0:01:22"]
[Board "169"]

1. e4 e5 2. Nf3 Nc6 3. Bc4 Nf6 4. d3 Be7 5. O-O O-O 6. c3 h6 7. Re1 Re8 8. a4 Bf8 9. Nbd2 d5 10. exd5 Nxd5 11. d4 Bg4 12. h3 Bh5 13. g4 Bg6 14. dxe5 Nf4 15. Kh2 Bc5 16. Kg3 Nxe5 17. Nxe5 Qh4+ 18. Kxf4 Qf6+ 19. Kg3 Qxf2# 0-1


[Site "https://www.chess.com"]

[Event "Titled Tuesday Blitz June 27 Early 2023"]
[White "Davidson, Kevin"]
[Black "Lehtosaari, Mauri"]
[WhiteFideId "2056810"]
[BlackFideId "501999"]
[WhiteElo "2314"]
[BlackElo "2510"]
[Result "1-0"]
[Round "5"]
[TimeControl "180+2"]
[Date "2023.06.27"]
[WhiteClock "0:00:27"]
[BlackClock "0:00:05"]
[Board "170"]

1. e4 c5 2. Nf3 e6 3. d4 cxd4 4. Nxd4 Qb6 5. Nb3 Qc7 6. Nc3 a6 7. g3 Nf6 8. Bg2 Bb4 9. Bd2 Nc6 10. O-O O-O 11. f4 d6 12. g4 b5 13. g5 Nd7 14. a4 bxa4 15. Nxa4 Bxd2 16. Qxd2 Bb7 17. Rad1 Nb6 18. Nxb6 Qxb6+ 19. Qf2 Qxf2+ 20. Rxf2 Rfd8 21. Rfd2 e5 22. f5 Rdc8 23. Rxd6 a5 24. Nc5 Rab8 25. Nxb7 Rxb7 26. Rxc6 Rcb8 27. b3 h6 28. h4 a4 29. bxa4 Rb2 30. Ra1 Ra8 31. a5 hxg5 32. hxg5 Kh7 33. a6 g6 34. fxg6+ Kg7 35. gxf7 Kxf7 36. Bh3 Kg7 37. Bf5 Ra7 38. Kf2 Rb8 39. Rh1 Kg8 40. Rg6+ Kf8 41. Rh8+ Kf7 42. Rf6+ Kg7 43. Rh7+ Kg8 44. Rxa7 Rd8 45. Rd7 Ra8 46. a7 Kh8 47. Rb6 Rf8 48. Rb8 Kg8 49. Rxf8+ Kxf8 50. a8=Q# 1-0


[Site "https://www.chess.com"]

[Event "Titled Tuesday Blitz June 27 Early 2023"]
[White "Gamayev, Oleg"]
[Black "Osinovsky, Stepan"]
[WhiteFideId "2802813"]
[BlackFideId "4157354"]
[WhiteElo "2506"]
[BlackElo "2312"]
[Result "1-0"]
[Round "5"]
[TimeControl "180+2"]
[Date "2023.06.27"]
[WhiteClock "0:01:41"]
[BlackClock "0:00:00"]
[Board "171"]

1. d3 g6 2. e4 Bg7 3. Nf3 e5 4. Be2 d6 5. O-O h6 6. b4 f5 7. Bb2 Nf6 8. Nbd2 O-O 9. c4 Qe8 10. c5 Nh5 11. cxd6 cxd6 12. Nc4 Rf6 13. exf5 Nf4 14. g3 Nxe2+ 15. Qxe2 Bxf5 16. d4 Bg4 17. Ncd2 e4 18. Rfe1 Qf7 19. Qxe4 Bxf3 20. Qe8+ Kh7 21. d5 Bxd5 22. Bxf6 Qxf6 23. Rac1 1-0


[Site "https://www.chess.com"]

[Event "Titled Tuesday Blitz June 27 Early 2023"]
[White "Bueno, Alfeu Junior Varela"]
[Black "Shubenkova, Veronika"]
[WhiteFideId "2108879"]
[BlackFideId "44124040"]
[WhiteElo "2313"]
[BlackElo "2506"]
[Result "0-1"]
[Round "5"]
[TimeControl "180+2"]
[Date "2023.06.27"]
[WhiteClock "0:00:00"]
[BlackClock "0:01:30"]
[Board "172"]

1. e4 e6 2. d4 d5 3. Nd2 Nf6 4. Bd3 Be7 5. Ne2 c5 6. e5 Nfd7 7. c3 Nc6 8. f4 a6 9. O-O b5 10. f5 Nf8 11. fxe6 Bxe6 12. Nf3 Ng6 13. Qe1 Qb6 14. Kh1 O-O-O 15. dxc5 Bxc5 16. b4 Be3 17. Ned4 Bxd4 18. cxd4 Kb8 19. a4 Bg4 20. axb5 axb5 21. Ng5 Be6 22. Be3 Rd7 23. Qg3 Rc8 24. Ra3 Nxb4 25. Rb1 Nxd3 26. Rxd3 Rb7 27. Rdb3 Qc6 28. h4 Ne7 29. Nxf7 Nf5 30. Qf4 Rxf7 31. Rxb5+ Ka8 32. Bg1 Ra7 33. Qd2 Ng3+ 34. Kh2 Qxb5 0-1


[Site "https://www.chess.com"]

[Event "Titled Tuesday Blitz June 27 Early 2023"]
[White "Womacka, Mathias"]
[Black "Biriukov, Ilja"]
[WhiteFideId "4611390"]
[BlackFideId "4113373"]
[WhiteElo "2482"]
[BlackElo "2309"]
[Result "1-0"]
[Round "5"]
[TimeControl "180+2"]
[Date "2023.06.27"]
[WhiteClock "0:00:34"]
[BlackClock "0:00:05"]
[Board "173"]

1. e4 c5 2. Nf3 d6 3. d4 cxd4 4. Nxd4 Nf6 5. Nc3 a6 6. Be2 e5 7. Nb3 Be6 8. f4 Qc7 9. g4 exf4 10. g5 Nfd7 11. Bxf4 Nc6 12. Qd2 Nce5 13. O-O-O Be7 14. Nd4 O-O 15. Nf5 Bxf5 16. Nd5 Qd8 17. exf5 Rc8 18. Nxe7+ Qxe7 19. Qxd6 Qxd6 20. Rxd6 Rfe8 21. Rhd1 Nf8 22. Bf1 Nc4 23. R6d4 Ne3 24. Bxe3 Rxe3 25. Rd8 Rxd8 26. Rxd8 Re5 27. Bd3 g6 28. fxg6 hxg6 29. h4 Kg7 30. Kd2 Ra5 31. a3 Rc5 32. b4 Re5 33. c4 Re7 34. c5 Ne6 35. Rd6 Nf4 36. Bc4 Ng2 37. Rd4 Ne3 38. Bd3 Nf5 39. Bxf5 gxf5 40. a4 Kg6 41. b5 axb5 42. axb5 f6 43. Rd6 Kh5 44. Rxf6 Kxh4 45. Rxf5 Kg4 46. Rd5 Kf4 47. Kd3 Rf7 48. c6 bxc6 49. bxc6 Rc7 50. Rc5 Kg4 51. Kc4 1-0


[Site "https://www.chess.com"]

[Event "Titled Tuesday Blitz June 27 Early 2023"]
[White "Eynullayev, Altay"]
[Black "Sairam, Pranav"]
[WhiteFideId "13413562"]
[BlackFideId "30951330"]
[WhiteElo "2480"]
[BlackElo "2309"]
[Result "1-0"]
[Round "5"]
[TimeControl "180+2"]
[Date "2023.06.27"]
[WhiteClock "0:00:02"]
[BlackClock "0:00:22"]
[Board "174"]

1. e4 e5 2. Nf3 Nf6 3. d4 Nxe4 4. Bd3 Nc6 5. d5 Nf6 6. dxc6 e4 7. O-O exd3 8. Re1+ Be7 9. cxb7 Bxb7 10. Qxd3 O-O 11. Nbd2 d5 12. Nb3 c5 13. Na5 Qxa5 14. Rxe7 Rfe8 15. Rxb7 c4 16. Qf1 Ne4 17. Be3 Qa6 18. Rb4 Qd6 19. a3 a5 20. Rb5 Qd7 21. a4 c3 22. b3 Re6 23. Rd1 Rd8 24. Qd3 Rg6 25. Rxd5 Rxg2+ 26. Kxg2 Qg4+ 27. Kf1 Rxd5 28. Qxd5 h6 29. Rd4 Qxf3 30. Qxe4 Qh3+ 31. Ke2 1-0


[Site "https://www.chess.com"]

[Event "Titled Tuesday Blitz June 27 Early 2023"]
[White "Sai Han Thiha"]
[Black "Blokhin, Sofia"]
[WhiteFideId "13012290"]
[BlackFideId "4508190"]
[WhiteElo "2477"]
[BlackElo "2308"]
[Result "1-0"]
[Round "5"]
[TimeControl "180+2"]
[Date "2023.06.27"]
[WhiteClock "0:00:06"]
[BlackClock "0:00:00"]
[Board "175"]

1. d4 g6 2. e4 Bg7 3. c4 d6 4. Nc3 Nf6 5. Nf3 O-O 6. Be2 e5 7. Be3 Nbd7 8. d5 a5 9. Nd2 Nc5 10. g4 b6 11. h4 h6 12. h5 g5 13. f3 Na6 14. Nf1 Bd7 15. Ng3 Nh7 16. Nf5 Bxf5 17. exf5 Nc5 18. Ne4 Nxe4 19. fxe4 Nf6 20. Bf3 Qd7 21. Kf2 b5 22. c5 dxc5 23. Bxc5 Rfd8 24. Rc1 Ne8 25. Be3 Nd6 26. Rc6 Nc4 27. Bc1 Qxc6 28. dxc6 Rxd1 29. Rxd1 Nd6 30. Be3 Ra6 31. Rc1 Nc4 32. b3 Nxe3 33. Kxe3 Bf8 34. Be2 Rb6 35. Rc2 Bd6 36. Bd3 Kf8 37. f6 Ke8 38. Kf2 Rb8 39. Ke3 a4 40. Rb2 a3 41. Rc2 b4 42. Bc4 Kf8 43. Rd2 Re8 44. Rd5 Re6 45. Rb5 Rxf6 46. Rb8+ Kg7 47. Rd8 Bc5+ 48. Kd3 Rxc6 49. Bd5 Rd6 50. Rc8 Bb6 51. Kc4 Rf6 52. Re8 c5 53. Re7 Rf4 54. Rb7 Rf6 55. Kb5 Bd8 56. Kxc5 Rf4 57. Kxb4 Rxg4 58. Rxf7+ 1-0


[Site "https://www.chess.com"]

[Event "Titled Tuesday Blitz June 27 Early 2023"]
[White "Molenda, Marcin"]
[Black "Wang, Alexander J"]
[WhiteFideId "1173065"]
[BlackFideId "30955270"]
[WhiteElo "2475"]
[BlackElo "2307"]
[Result "0-1"]
[Round "5"]
[TimeControl "180+2"]
[Date "2023.06.27"]
[WhiteClock "0:01:56"]
[BlackClock "0:01:17"]
[Board "176"]

1. Nf3 d5 2. c4 e6 3. d4 c5 4. cxd5 exd5 5. g3 Nc6 6. Bg2 Nf6 7. O-O Be7 8. dxc5 Bxc5 9. Nc3 O-O 10. Bg5 d4 11. Ne4 Be7 12. Bxf6 Bxf6 13. Nxf6+ Qxf6 14. Ne1 Bf5 15. Nd3 Rad8 16. Rc1 Rfe8 17. Bxc6 bxc6 18. Qd2 Bh3 19. Rfe1 Qf5 20. f3 Qf6 21. Kf2 Bf5 22. Rc5 Bxd3 23. Qxd3 Re3 24. Qc2 d3 25. exd3 Qxf3+ 26. Kg1 Rxe1# 0-1


[Site "https://www.chess.com"]

[Event "Titled Tuesday Blitz June 27 Early 2023"]
[White "Kielinkei"]
[Black "Zaksaite, Salomeja"]
[BlackFideId "12801496"]
[WhiteElo "2464"]
[BlackElo "2289"]
[Result "1-0"]
[Round "5"]
[TimeControl "180+2"]
[Date "2023.06.27"]
[WhiteClock "0:00:04"]
[BlackClock "0:00:00"]
[Board "177"]

1. c4 Nf6 2. Nc3 g6 3. e4 Bg7 4. g3 d6 5. Bg2 c5 6. Nge2 Nc6 7. O-O O-O 8. d3 a6 9. f4 Rb8 10. a4 Ne8 11. Be3 Nc7 12. d4 cxd4 13. Nxd4 Nxd4 14. Bxd4 b5 15. Bxg7 Kxg7 16. axb5 axb5 17. cxb5 Nxb5 18. Nxb5 Rxb5 19. Qd4+ e5 20. fxe5 dxe5 21. Qc3 Be6 22. b4 Qd4+ 23. Qxd4 exd4 24. Rfd1 Rxb4 25. Rd2 Kf6 26. Ra5 Rd8 27. e5+ Kf5 28. Rf2+ Kg5 29. h4+ Kh6 30. Rd2 d3 31. Kf2 g5 32. hxg5+ Kxg5 33. Ra3 Rbd4 34. Ke3 Bf5 35. Bf1 Kg4 36. Kf2 R8d7 37. Bg2 Rc4 38. Bf3+ Kg5 39. Ke3 Rc2 40. Ra6 Rxd2 41. Kxd2 Rc7 42. Rf6 Rc2+ 43. Ke3 d2 44. Bd1 Rc1 45. Kxd2 Ra1 46. Rxf7 Ra3 47. g4 Be6 48. Rxh7 1-0


[Site "https://www.chess.com"]

[Event "Titled Tuesday Blitz June 27 Early 2023"]
[White "Antonio, Jorge Carlos"]
[Black "Corredor Castellanos, Camilo"]
[WhiteFideId "113190"]
[BlackFideId "4425871"]
[WhiteElo "2284"]
[BlackElo "2462"]
[Result "0-1"]
[Round "5"]
[TimeControl "180+2"]
[Date "2023.06.27"]
[WhiteClock "0:00:22"]
[BlackClock "0:01:08"]
[Board "178"]

1. d4 Nf6 2. Nf3 d5 3. Bf4 c5 4. e3 Nc6 5. c3 Qb6 6. Qb3 c4 7. Qxb6 axb6 8. Nbd2 Bf5 9. Be2 h6 10. O-O e6 11. Ne5 b5 12. a3 Be7 13. f3 Nh5 14. Bg3 Nxg3 15. hxg3 Nxe5 16. dxe5 Bc5 17. Kf2 Ke7 18. Rfd1 f6 19. exf6+ gxf6 20. Nf1 h5 21. Rd2 b4 22. Rdd1 bxc3 23. bxc3 Bxa3 24. e4 Bg6 25. exd5 exd5 26. Ke1 Rhd8 27. Ne3 Bf7 28. Nf5+ Kf8 29. f4 Bb2 30. Rab1 Bxc3+ 31. Kf1 Bg6 32. Ne3 Bxb1 33. Rxb1 Ra1 34. Rxa1 Bxa1 35. Bxh5 b5 36. Bf3 d4 37. Nd5 d3 38. Ke1 Bd4 39. g4 Re8+ 40. Kd1 Ra8 41. f5 Ra1+ 42. Kd2 Ra2+ 43. Kd1 c3 44. Nb4 Ra1# 0-1


[Site "https://www.chess.com"]

[Event "Titled Tuesday Blitz June 27 Early 2023"]
[White "Georg, Heinz"]
[Black "Begunov, Konstantin"]
[WhiteFideId "4607295"]
[BlackFideId "4118510"]
[WhiteElo "2284"]
[BlackElo "2446"]
[Result "1/2-1/2"]
[Round "5"]
[TimeControl "180+2"]
[Date "2023.06.27"]
[WhiteClock "0:00:33"]
[BlackClock "0:00:15"]
[Board "179"]

1. e4 c5 2. Nf3 d6 3. Bb5+ Bd7 4. Bxd7+ Qxd7 5. O-O Nf6 6. Re1 Nc6 7. c3 e6 8. d4 cxd4 9. cxd4 d5 10. e5 Ne4 11. Nbd2 Nxd2 12. Bxd2 Bb4 13. a3 Bxd2 14. Qxd2 O-O 15. Rac1 Rfc8 16. b4 Ne7 17. Re3 Rxc1+ 18. Qxc1 Rc8 19. Rc3 h6 20. g3 Rc6 21. Rxc6 Nxc6 22. Qc5 b6 23. Qc3 Ne7 24. Kg2 g5 25. h3 Kg7 26. g4 Ng6 27. Kg3 Qa4 28. h4 Nf4 29. Qe3 Qd1 30. hxg5 hxg5 31. Nxg5 Ne2+ 32. Kg2 Nxd4 33. Nf3 Nxf3 34. Qxf3 Qd2 35. Qf6+ Kg8 36. Qd8+ Kh7 37. Qf6 Kg8 38. Qd8+ Kg7 39. Qf6+ Kf8 40. Qd8+ Kg7 41. Qf6+ 1/2-1/2


[Site "https://www.chess.com"]

[Event "Titled Tuesday Blitz June 27 Early 2023"]
[White "Liu, Kelsey"]
[Black "LangesNasenhaar"]
[WhiteFideId "30944481"]
[WhiteElo "2283"]
[BlackElo "2444"]
[Result "0-1"]
[Round "5"]
[TimeControl "180+2"]
[Date "2023.06.27"]
[WhiteClock "0:00:40"]
[BlackClock "0:00:54"]
[Board "180"]

1. e4 d6 2. d4 Nf6 3. Nc3 Nbd7 4. Bf4 e5 5. dxe5 dxe5 6. Bg5 c6 7. Nf3 Bb4 8. Qd3 O-O 9. Be2 Qa5 10. O-O Nc5 11. Qc4 Be6 12. Nd5 cxd5 13. exd5 Bxd5 14. Qh4 Nce4 15. Nxe5 Nxg5 16. Qxg5 Rae8 17. f4 Ne4 18. Qh5 Qb6+ 19. Kh1 Nf2+ 20. Rxf2 Qxf2 21. Rg1 Bc5 0-1


[Site "https://www.chess.com"]

[Event "Titled Tuesday Blitz June 27 Early 2023"]
[White "Pandey Srishti"]
[Black "Zaichenko, Daria"]
[WhiteFideId "35093290"]
[BlackFideId "4197453"]
[WhiteElo "2431"]
[BlackElo "2273"]
[Result "1-0"]
[Round "5"]
[TimeControl "180+2"]
[Date "2023.06.27"]
[WhiteClock "0:00:11"]
[BlackClock "0:00:48"]
[Board "181"]

1. e4 c5 2. Nf3 Nc6 3. d4 cxd4 4. Nxd4 Nf6 5. Nc3 d6 6. Bg5 Bd7 7. Qd2 a6 8. f4 e6 9. O-O-O Be7 10. Nf3 b5 11. e5 dxe5 12. fxe5 Ng4 13. Bxe7 Qxe7 14. Qe1 Ngxe5 15. Nxe5 Qg5+ 16. Kb1 Qxe5 17. Ne4 Rd8 18. Nd6+ Ke7 19. Qh4+ f6 20. Qg4 f5 21. Qh4+ Qf6 22. Qf2 Qe5 23. Be2 g5 24. Bh5 Kf6 25. Nf7 Qf4 26. Qxf4 gxf4 27. Nxh8 Kg5 28. Bf3 Ne5 29. Rhe1 Kf6 30. Rxe5 Kxe5 31. Nf7+ 1-0


[Site "https://www.chess.com"]

[Event "Titled Tuesday Blitz June 27 Early 2023"]
[White "KorolDimitriy75"]
[Black "Bolanos, Fernando"]
[BlackFideId "3304094"]
[WhiteElo "2428"]
[BlackElo "2267"]
[Result "1-0"]
[Round "5"]
[TimeControl "180+2"]
[Date "2023.06.27"]
[WhiteClock "0:00:19"]
[BlackClock "0:00:21"]
[Board "182"]

1. d4 d5 2. c4 e6 3. Nc3 Nf6 4. Bg5 dxc4 5. e4 Be7 6. Bxc4 a6 7. Nf3 b5 8. Bd3 Bb7 9. Qe2 Nbd7 10. O-O h6 11. Bh4 O-O 12. Rfd1 c5 13. dxc5 Qa5 14. e5 Nd5 15. Qe4 g6 16. Bxe7 Nxc3 17. Qxb7 Rfb8 18. Qxd7 Nxd1 19. Rxd1 Qxa2 20. Bf6 Rc8 21. Bxg6 Rf8 22. Qd3 Rfc8 23. Bh7+ Kf8 24. Qd6+ Ke8 25. Qe7# 1-0


[Site "https://www.chess.com"]

[Event "Titled Tuesday Blitz June 27 Early 2023"]
[White "EdmundPlayer"]
[Black "Grossboss19"]
[WhiteElo "2260"]
[BlackElo "2427"]
[Result "1-0"]
[Round "5"]
[TimeControl "180+2"]
[Date "2023.06.27"]
[WhiteClock "0:00:14"]
[BlackClock "0:00:19"]
[Board "183"]

1. e4 c6 2. Nf3 d5 3. exd5 cxd5 4. Ne5 Nc6 5. d4 e6 6. Bb5 Ne7 7. O-O a6 8. Be2 Nxe5 9. dxe5 Nc6 10. f4 Bc5+ 11. Kh1 O-O 12. Nd2 b5 13. Nb3 Ba7 14. c3 f6 15. Nd4 Bd7 16. Be3 fxe5 17. Nxc6 Bxc6 18. Bxa7 Rxa7 19. fxe5 Raf7 20. Qd4 Qg5 21. Bf3 Rf4 22. Qc5 Be8 23. Rae1 Bh5 24. Qb6 Qf5 25. Re3 Bxf3 26. Rexf3 Qxe5 27. Rxf4 Rxf4 28. Rxf4 Qxf4 29. Qxe6+ Kf8 30. h3 Qf1+ 31. Kh2 Qf4+ 32. Kh1 Qc1+ 33. Kh2 Qxb2 34. Qd6+ Ke8 35. Qe6+ Kf8 36. Qd6+ Kf7 37. Qxd5+ Kf6 38. Qd4+ Ke6 39. Qb6+ Kd5 40. Qxa6 Qe2 41. Qb7+ Kc5 42. Qc7+ Kd5 43. Qd7+ Kc5 44. Qd4+ Kc6 45. Qxg7 Qxa2 46. Qxh7 Qd5 47. Qg6+ Kc5 48. Qg7 Kc4 49. Qc7+ Kb3 50. h4 Qe4 51. Kg3 Qg6+ 52. Kh3 Qf5+ 53. g4 Qf3+ 54. Qg3 Qf1+ 55. Kh2 Qe2+ 56. Kh3 Qf1+ 57. Kh2 Qe2+ 58. Qg2 Qe5+ 59. Kh3 Qe3+ 60. Qg3 Qc1 61. h5 Qh1+ 62. Qh2 Qf1+ 63. Kh4 Kxc3 64. Qh3+ Qxh3+ 65. Kxh3 b4 66. h6 b3 67. h7 Kc2 68. h8=Q b2 69. Qxb2+ Kxb2 70. g5 Kc3 71. g6 Kd4 72. g7 Ke5 73. g8=Q 1-0


[Site "https://www.chess.com"]

[Event "Titled Tuesday Blitz June 27 Early 2023"]
[White "a-z30"]
[Black "Herman, Daniel"]
[BlackFideId "30935008"]
[WhiteElo "2352"]
[BlackElo "2426"]
[Result "0-1"]
[Round "5"]
[TimeControl "180+2"]
[Date "2023.06.27"]
[WhiteClock "0:00:00"]
[BlackClock "0:00:13"]
[Board "184"]

1. d3 d5 2. Nf3 Nf6 3. g3 g6 4. Bg2 Bg7 5. O-O O-O 6. c4 d4 7. b4 a5 8. b5 c5 9. a4 Nbd7 10. Ra2 e5 11. e3 Rb8 12. Re1 b6 13. exd4 exd4 14. Bf4 Rb7 15. Nfd2 Ra7 16. Bb8 Nxb8 17. Ne4 Nxe4 18. Bxe4 Re7 19. Rae2 Rfe8 20. Nd2 Nd7 21. Nf3 Nf6 22. Bc6 Rxe2 23. Rxe2 Rxe2 24. Qxe2 Qc7 25. Ne5 Be6 26. f4 Nd7 27. Nxd7 Bxd7 28. Qe7 Bf8 29. Qxd7 Qxd7 30. Bxd7 Bd6 31. f5 Kg7 32. Kg2 Kf6 33. fxg6 fxg6 34. Kf3 Ke5 35. Kg4 Be7 36. Bc6 h5+ 37. Kf3 g5 38. h3 Bf6 39. Be8 h4 40. gxh4 gxh4 41. Kg4 Bd8 42. Bg6 Be7 43. Be4 Bd8 44. Kh5 Kf4 45. Kg6 Ke3 46. Kf7 Kd2 47. Ke8 Bg5 48. Kd7 Kc3 49. Bf3 Kxd3 50. Kc6 Kxc4 51. Kxb6 d3 52. Kxa5 Kb3 53. b6 c4 54. Bd1+ Ka3 55. Kb5 c3 56. b7 Bf4 57. a5 c2 58. b8=Q Bxb8 59. Bxc2 dxc2 60. a6 c1=Q 61. a7 Bxa7 0-1


[Site "https://www.chess.com"]